EVO
RICE UNIVERSITY OWLS @ UCLA BRUINS
12/12/2046
 
TOP OF THE 1ST
Rice University Owls batting - Pitching for UCLA Bruins : LHP Sandy Benitez
Pitching: LHP Sandy Benitez
Batting: SHB Yu-hsui Lew 0-0: Called Strike
0-1: Swinging Strike
0-2: Strikes out swinging
Batting: LHB David Coatney 0-0: Ball
1-0: Ground out 5-3 (Groundball, 56S, EV 68.1 MPH)
Batting: RHB Yu-zeng Mai 0-0: Foul Ball, location: 2F
0-1: Ball
1-1: Called Strike
1-2: Fly out, F9 (Line Drive, 9LM, EV 85.0 MPH)
Top of the 1st over - 0 runs, 0 hits, 0 errors, 0 left on base; Rice University 0 - UCLA 0
BOTTOM OF THE 1ST
UCLA Bruins batting - Pitching for Rice University Owls : RHP Shamar Hansford
Pitching: RHP Shamar Hansford
Batting: LHB Mark Cummings 0-0: Foul Ball, location: 2F
0-1: Ground out 4-3 (Groundball, 4, EV 96.2 MPH)
Batting: RHB Benedikt Fleischmann 0-0: Ball
1-0: Called Strike
1-1: Ball
2-1: Called Strike
2-2: Ball
3-2: Base on Balls
Batting: LHB Scott Mullett 0-0: Called Strike
0-1: Ball
1-1: Ball
2-1: Called Strike
Benedikt Fleischmann is caught stealing 2nd base 2-6
2-2: Ground out 5-3 (Groundball, 56, EV 86.9 MPH)
Bottom of the 1st over - 0 runs, 0 hits, 0 errors, 0 left on base; Rice University 0 - UCLA 0
TOP OF THE 2ND
Rice University Owls batting - Pitching for UCLA Bruins : LHP Sandy Benitez
Batting: SHB Joan Coucieiro 0-0: Foul Ball, location: 2F
0-1: Foul Ball, location: 2F
0-2: Ball
1-2: Ball
2-2: Ball
3-2: Fly out, F8 (Flyball, 8LXD, EV 108.8 MPH)
Batting: RHB Jordan Dugue 0-0: Ground out 5-3 (Groundball, 56S, EV 86.9 MPH)
Batting: RHB Russ Kennett 0-0: Ground out 6-3 (Groundball, 6, EV 85.6 MPH)
Top of the 2nd over - 0 runs, 0 hits, 0 errors, 0 left on base; Rice University 0 - UCLA 0
BOTTOM OF THE 2ND
UCLA Bruins batting - Pitching for Rice University Owls : RHP Shamar Hansford
Batting: RHB Xavier Reeves 0-0: Called Strike
0-1: Foul Ball, location: 2F
0-2: DOUBLE (Groundball, 5L, EV 109.4 MPH)
Batting: RHB Angel Melendez 0-0: Called Strike
0-1: Ball
1-1: Foul Ball, location: 2F
1-2: Strikes out swinging
Batting: SHB Sean Munns 0-0: Swinging Strike
0-1: Called Strike
0-2: Strikes out swinging, 2-3 out at first.
Batting: RHB Roman Lauder 0-0: Ball
1-0: Foul Ball, location: 2F
1-1: Ball
2-1: Called Strike
2-2: Ball
3-2: Foul Ball, location: 2F
3-2: Strikes out looking
Bottom of the 2nd over - 0 runs, 1 hit, 0 errors, 1 left on base; Rice University 0 - UCLA 0
TOP OF THE 3RD
Rice University Owls batting - Pitching for UCLA Bruins : LHP Sandy Benitez
Batting: SHB Roderick Speed 0-0: Foul Ball, location: 2F
0-1: Swinging Strike
0-2: Ball
1-2: Ground out 6-3 (Groundball, 6, EV 84.4 MPH)
Batting: RHB Alex Valadez 0-0: Ball
1-0: Ball
2-0: Fly out, F1 (Popup, P, EV 80.6 MPH)
Batting: LHB Willie Marquez 0-0: Swinging Strike
0-1: DOUBLE (Line Drive, 7LM, EV 103.8 MPH)
Batting: SHB Yu-hsui Lew 0-0: Ground out 6-3 (Groundball, 6, EV 86.9 MPH)
Top of the 3rd over - 0 runs, 1 hit, 0 errors, 1 left on base; Rice University 0 - UCLA 0
BOTTOM OF THE 3RD
UCLA Bruins batting - Pitching for Rice University Owls : RHP Shamar Hansford
Batting: RHB Carlos Murillo 0-0: Ground out 4-3 (Groundball, 4M, EV 103.1 MPH)
Batting: LHB Bill Helmer 0-0: Ball
1-0: Ball
2-0: Foul Ball, location: 2F
2-1: Fly out, F8 (Flyball, 8RD, EV 87.5 MPH)
Batting: LHB Mark Cummings 0-0: Swinging Strike
0-1: DOUBLE (Groundball, 5L, EV 105.6 MPH)
Batting: RHB Benedikt Fleischmann 0-0: Swinging Strike
0-1: Ball
1-1: Ball
2-1: Called Strike
2-2: Ball
3-2: SINGLE (Groundball, 4, EV 100.0 MPH)
Mark Cummings to third
Runner from 3rd tries for Home, SAFE, throw by RF to home
Batting: LHB Scott Mullett 0-0: Ball
1-0: Called Strike
1-1: Called Strike
1-2: Foul Ball, location: 2F
1-2: Ball
2-2: Strikes out looking
Bottom of the 3rd over - 1 run, 2 hits, 0 errors, 1 left on base; Rice University 0 - UCLA 1
TOP OF THE 4TH
Rice University Owls batting - Pitching for UCLA Bruins : LHP Sandy Benitez
Batting: LHB David Coatney 0-0: Called Strike
0-1: Fly out, F8 (Flyball, 8LD, EV 103.8 MPH)
Batting: RHB Yu-zeng Mai 0-0: Called Strike
0-1: Ground out 5-3 (Groundball, 5L, EV 91.9 MPH)
Batting: SHB Joan Coucieiro 0-0: Called Strike
0-1: Foul Ball, location: 2F
0-2: Foul Ball, location: 2F
0-2: Ball
1-2: Ball
2-2: Foul Ball, location: 2F
2-2: Fly out, F7 (Flyball, 78D, EV 87.5 MPH)
Top of the 4th over - 0 runs, 0 hits, 0 errors, 0 left on base; Rice University 0 - UCLA 1
BOTTOM OF THE 4TH
UCLA Bruins batting - Pitching for Rice University Owls : RHP Shamar Hansford
Batting: RHB Xavier Reeves 0-0: Called Strike
0-1: Foul Ball, location: 2F
0-2: Foul Ball, location: 2F
0-2: Foul Ball, location: 2F
0-2: Ball
1-2: Ground out U3 (Groundball, 34S, EV 82.5 MPH)
Batting: RHB Angel Melendez 0-0: SINGLE (Groundball, 56D, EV 95.6 MPH)
Batting: SHB Sean Munns 0-0: Called Strike
0-1: Called Strike
Angel Melendez steals 2nd base
0-2: Reached on error, E1 (Groundball, 25, EV 73.8 MPH)
Angel Melendez scores
Batting: RHB Roman Lauder 0-0: Swinging Strike
0-1: Called Strike
0-2: Strikes out looking
Batting: RHB Carlos Murillo 0-0: Ball
1-0: Called Strike
1-1: Ball
2-1: Ground out 4-3 (Groundball, 4, EV 106.9 MPH)
Bottom of the 4th over - 1 run, 1 hit, 1 error, 1 left on base; Rice University 0 - UCLA 2
TOP OF THE 5TH
Rice University Owls batting - Pitching for UCLA Bruins : LHP Sandy Benitez
Batting: RHB Jordan Dugue 0-0: Ball
1-0: Foul Ball, location: 2F
1-1: Ball
2-1: SINGLE (Groundball, P, EV 83.1 MPH) (infield hit)
Batting: RHB Russ Kennett 0-0: Ball
1-0: Foul Ball, location: 2F
1-1: Sac Bunt to 23 - play at first, batter OUT! 3-4
Jordan Dugue to second
Batting: SHB Roderick Speed 0-0: Ball
1-0: Swinging Strike
1-1: Swinging Strike
1-2: Foul Ball, location: 2F
1-2: Fly out, F7 (Line Drive, 7S, EV 92.5 MPH)
Batting: RHB Alex Valadez 0-0: Ball
1-0: Foul Ball, location: 2F
1-1: Ball
2-1: Ball
3-1: Ground out 4-3 (Groundball, 34, EV 79.4 MPH)
Top of the 5th over - 0 runs, 1 hit, 0 errors, 1 left on base; Rice University 0 - UCLA 2
BOTTOM OF THE 5TH
UCLA Bruins batting - Pitching for Rice University Owls : RHP Shamar Hansford
Batting: LHB Bill Helmer 0-0: Called Strike
0-1: Ball
1-1: Ball
2-1: Ground out U3 (Groundball, 3, EV 103.8 MPH)
Batting: LHB Mark Cummings 0-0: Called Strike
0-1: Ball
1-1: Ball
2-1: Ball
3-1: Ground out 5-3 (Groundball, 56, EV 90.6 MPH)
Batting: RHB Benedikt Fleischmann 0-0: Ball
1-0: Foul Ball, location: 2F
1-1: Fly out, F8 (Line Drive, 8RD, EV 95.0 MPH)
Bottom of the 5th over - 0 runs, 0 hits, 0 errors, 0 left on base; Rice University 0 - UCLA 2
TOP OF THE 6TH
Rice University Owls batting - Pitching for UCLA Bruins : LHP Sandy Benitez
Batting: LHB Willie Marquez 0-0: Ball
1-0: Ground out 4-3 (Groundball, 4, EV 105.0 MPH)
Batting: SHB Yu-hsui Lew 0-0: Called Strike
0-1: Ball
1-1: Ball
2-1: Ground out 5-3 (Groundball, 56S, EV 70.0 MPH)
Batting: LHB David Coatney 0-0: Swinging Strike
0-1: Ground out 4-3 (Groundball, 4, EV 83.8 MPH)
Top of the 6th over - 0 runs, 0 hits, 0 errors, 0 left on base; Rice University 0 - UCLA 2
BOTTOM OF THE 6TH
UCLA Bruins batting - Pitching for Rice University Owls : RHP Shamar Hansford
Batting: LHB Scott Mullett 0-0: Ground out 5-3 (Groundball, 56, EV 105.0 MPH)
Batting: RHB Xavier Reeves 0-0: Ball
1-0: Fly out, F7 (Line Drive, 7, EV 93.1 MPH)
Batting: RHB Angel Melendez 0-0: Ball
1-0: SINGLE (Groundball, 4MS, EV 86.2 MPH) (infield hit)
Pitching: RHP Nathan Tamburrino
Batting: SHB Sean Munns 0-0: Ball
Wild Pitch!
Angel Melendez to second
1-0: Ground out 5-3 (Groundball, 56, EV 106.2 MPH)
Bottom of the 6th over - 0 runs, 1 hit, 0 errors, 1 left on base; Rice University 0 - UCLA 2
TOP OF THE 7TH
Rice University Owls batting - Pitching for UCLA Bruins : LHP Sandy Benitez
Batting: RHB Yu-zeng Mai 0-0: Ball
1-0: Swinging Strike
1-1: Foul Ball, location: 2F
1-2: Foul Ball, location: 2F
1-2: Strikes out swinging
Batting: SHB Joan Coucieiro 0-0: Called Strike
0-1: Ball
1-1: Swinging Strike
1-2: Strikes out looking
Batting: RHB Jordan Dugue 0-0: Foul Ball, location: 2F
0-1: Ball
1-1: Ground out 5-3 (Groundball, 5S, EV 84.4 MPH)
Top of the 7th over - 0 runs, 0 hits, 0 errors, 0 left on base; Rice University 0 - UCLA 2
BOTTOM OF THE 7TH
UCLA Bruins batting - Pitching for Rice University Owls : RHP Nathan Tamburrino
Batting: RHB Roman Lauder 0-0: Ball
1-0: Swinging Strike
1-1: Ball
2-1: Foul Ball, location: 2F
2-2: Foul Ball, location: 2F
2-2: Foul Ball, location: 2F
2-2: SINGLE (Line Drive, 4M, EV 95.0 MPH)
Batting: RHB Carlos Murillo 0-0: Swinging Strike
0-1: Fielders Choice at 2nd, 6-4 (Groundball, 6, EV 80.6 MPH)
Batting: LHB Bill Helmer 0-0: Ball
1-0: Fly out, F9 (Flyball, 9, EV 82.5 MPH)
Batting: LHB Mark Cummings 0-0: Fly out, F9 (Line Drive, 9S, EV 97.5 MPH)
Bottom of the 7th over - 0 runs, 1 hit, 0 errors, 1 left on base; Rice University 0 - UCLA 2
TOP OF THE 8TH
Rice University Owls batting - Pitching for UCLA Bruins : LHP Sandy Benitez
Batting: RHB Russ Kennett 0-0: Ball
1-0: Ball
2-0: Swinging Strike
2-1: Swinging Strike
2-2: Strikes out swinging
Pitching: LHP Honor Munoz
Batting: SHB Roderick Speed 0-0: Ball
1-0: Fly out, F6 (Line Drive, 6M, EV 65.0 MPH)
Batting: RHB Alex Valadez 0-0: Foul Ball, location: 2F
0-1: Swinging Strike
0-2: Ball
1-2: SINGLE (Groundball, 56D, EV 102.5 MPH)
Batting: LHB Willie Marquez 0-0: Called Strike
0-1: Fielders Choice at 2nd, U6 (Groundball, 6M, EV 81.9 MPH)
Top of the 8th over - 0 runs, 1 hit, 0 errors, 1 left on base; Rice University 0 - UCLA 2
BOTTOM OF THE 8TH
UCLA Bruins batting - Pitching for Rice University Owls : RHP Nathan Tamburrino
Pitching: LHP Joel Brown
Batting: RHB Benedikt Fleischmann 0-0: Ball
1-0: SINGLE (Flyball, 8LS, EV 100.0 MPH)
Batting: LHB Scott Mullett 0-0: Fly out, F6 (Popup, 6M, EV 58.1 MPH)
Batting: RHB Xavier Reeves 0-0: Foul Ball, location: 2F
0-1: Foul Ball, location: 2F
0-2: Ball
1-2: Strikes out swinging
Batting: RHB Angel Melendez 0-0: Called Strike
0-1: Foul Ball, location: 2F
0-2: Strikes out swinging
Bottom of the 8th over - 0 runs, 1 hit, 0 errors, 1 left on base; Rice University 0 - UCLA 2
TOP OF THE 9TH
Rice University Owls batting - Pitching for UCLA Bruins : LHP Honor Munoz
Pitching: RHP Kyle Mann
Pinch Hitting: LHB Eddie Lemus 0-0: Called Strike
0-1: Foul Ball, location: 2F
0-2: Strikes out looking
Pinch Hitting: RHB Fred Saxton 0-0: Ball
1-0: Called Strike
1-1: Ball
2-1: Foul Ball, location: 2F
2-2: DOUBLE (Flyball, 78D, EV 108.8 MPH)
Batting: RHB Yu-zeng Mai 0-0: Called Strike
0-1: Fly out, F8 (Line Drive, 8LD, EV 98.1 MPH)
Batting: SHB Joan Coucieiro 0-0: Foul Ball, location: 2F
0-1: Ball
1-1: Foul Ball, location: 2F
1-2: Foul Ball, location: 2F
1-2: Ball
2-2: Ball
3-2: Fly out, F4 (Popup, 4, EV 63.1 MPH)
Top of the 9th over - 0 runs, 1 hit, 0 errors, 1 left on base; Rice University 0 - UCLA 2
Tuesday, September 13th , 2022 - OOTP Baseball 23.7 Build 88